 Dungeon Crawl Stone Soup version 0.24-a0-416-g56ce5178b7 (webtiles) character file.

Game seed: 11703548200101484664

586 yoda5477 the Ogre Mage (level 7, 0/65 HPs)
             Began as an Ogre Wizard on June 5, 2019.
             Was an Initiate of Sif Muna.
             Slain by Pikel
             ... wielding a +2 whip of electrocution
              (8 damage)
             ... on level 5 of the Dungeon on June 8, 2019.
             The game lasted 01:02:46 (7452 turns).

yoda5477 the Ogre Mage (Ogre Wizard)                Turns: 7452, Time: 01:02:49

Health: 0/65       AC:  4    Str: 12      XL:     7   Next: 37%
Magic:  10/17      EV:  9    Int: 21      God:    Sif Muna [......]
Gold:   242        SH:  0    Dex:  2 (7)  Spells: 9/20 levels left

rFire    . . .     SeeInvis .   m - +4 spear
rCold    . . .     Gourm    .   (no shield)
rNeg     + . .     Faith    .   a - +0 robe
rPois    .         Spirit   .   b - +1 hat
rElec    .         Reflect  .   (no cloak)
rCorr    .         Harm     .   (gloves unavailable)
MR       .....                  (boots unavailable)
Stlth    +.........             z - amulet of the acrobat
HPRegen  0.20/turn              x - ring of positive energy
MPRegen  0.15/turn              D - ring of flight

@: no status effects
A: large, unfitting armour, tough skin 1
a: Renounce Religion, Evoke Flight


You were on level 5 of the Dungeon.
You worshipped Sif Muna.
Sif Muna was noncommittal.
You were not hungry.

You visited 2 branches of the dungeon, and saw 7 of its levels.

You collected 242 gold pieces.

Inventory:

Hand Weapons
 h - a +0 dagger
 k - a +3 club
 m - a +4 spear (weapon)
 n - a +0 dagger of venom
 w - a +2 long sword of holy wrath
 y - a +3 antimagic flail
Missiles
 j - 138 stones (quivered)
 o - a throwing net
Armour
 a - a +0 robe (worn)
 b - a +1 hat (worn)
 B - the +6 plate armour of Objectivity {Int+5, unknown}
   (You found it on level 5 of the Dungeon)

   It affects your intelligence (+5).
Jewellery
 x - a ring of positive energy (left hand)
 z - an amulet of the acrobat (around neck)
 D - a ring of flight (right hand)
Wands
 E - a wand of flame (24)
Scrolls
 c - a scroll of identify
 f - 6 scrolls of remove curse
 g - 2 scrolls of teleportation
 p - a scroll of enchant weapon {unknown}
 s - a scroll of random uselessness {unknown}
 u - a scroll of magic mapping {unknown}
 C - a scroll of fog {unknown}
Potions
 e - a potion of agility {unknown}
 i - a potion of haste
 l - 2 potions of ambrosia {unknown}
 q - a potion of mutation {unknown}
 r - 2 potions of curing {unknown}
 t - a potion of lignification {unknown}
 v - 2 potions of heal wounds {unknown}
 A - 2 potions of degeneration {unknown}
Comestibles
 d - 5 rations


   Skills:
 + Level 2.0 Fighting
 + Level 0.3 Polearms
 - Level 1.7 Dodging
 - Level 1.4 Stealth
 + Level 7.1 Spellcasting
 + Level 1.6 Conjurations
 + Level 3.6 Summonings
 + Level 1.6 Translocations
 + Level 0.7 Air Magic
 + Level 0.1 Poison Magic


You had 9 spell levels left.
You knew the following spells:

 Your Spells              Type           Power        Failure   Level  Hunger
a - Magic Dart            Conj           ##..         4%          1    None
b - Call Imp              Summ           ###.....     3%          2    None
c - Blink                 Tloc           N/A          7%          2    None
d - Conjure Flame         Conj/Fire      ##......     19%         3    #......
e - Mephitic Cloud        Conj/Pois/Air  ##......     19%         3    #......

Your spell library contained the following spells:

 Spells                   Type           Power        Failure   Level  Hunger
 Slow                     Hex            #.......     13%         2    None


Dungeon Overview and Level Annotations

Branches:
Dungeon (6/15)             Temple (1/1) D:4

Altars:
Ashenzari
Cheibriados
Dithmenos
Elyvilon
Fedhas
Gozag
Hepliaklqana
Kikubaaqudgha
Makhleb
Nemelex Xobeh
Okawaru
Qazlal
Sif Muna
Trog
Uskayaw
Vehumet
Wu Jian
Xom
Yredelemnul
Zin
The Shining One

Annotations:
D:3 1 runed translucent door, exclusion: door, Crazy Yiuf
D:5 Menkaure, Pikel


Innate Abilities, Weirdness & Mutations

You are too large for most types of armour.
You have tough skin. (AC +1)


Message History

The fire ignites!
A slave comes into view.
The slave shouts!
You hear a shout!
A slave comes into view.
Pikel drinks a potion.
Pikel seems to speed up.
Your crimson imp blinks!
Pikel hits you with a +2 whip of electrocution!
You are electrocuted!
The slave shouts!
Pikel hits you with a +2 whip of electrocution!
Pikel says, "Slavery isn't that bad."
Pikel closely misses you.
There is a stone staircase leading down here.
Pikel hits you with a +2 whip of electrocution!
You are electrocuted!
* * * LOW HITPOINT WARNING * * *
Pikel hits you with a +2 whip of electrocution.
* * * LOW HITPOINT WARNING * * *
You are electrocuted!
You die...

#.###.# #.# #.# #.#
#.########## #.#
#.##.......#
#.###.##.......#
#...#.##.......#######
#.#.#..............p..
###...p#...........###
#..@K....p..........
#...p......##....#..
#........p.##....#..
#.##.......##.####..
#.######......# #..
#######.# #.###### ...
#.......######.# ..#
#..............# .K.
#......###.###.# .K.#


You could see Pikel and 4 slaves.

Vanquished Creatures
  A centaur (D:4)
  An iguana (D:4)
  A worker ant (D:5)
  A killer bee zombie (D:5)
  A hound zombie (D:5)
  A hound skeleton (D:5)
  An adder (D:2)
  A worm (D:3)
  A dart slug (D:1)
  4 leopard geckos
  2 orcs
  7 bats
  3 giant cockroaches
  7 goblins
  7 hobgoblins
  3 kobolds
  A quokka (D:5)
  7 frilled lizards
  6 rats
56 creatures vanquished.

Vanquished Creatures (collateral kills)
  Edmund (D:5)
  A sky beast (D:3)
  2 ogres (D:4)
  A crimson imp (D:4)
  A quasit (D:5)
  A hound (D:4)
  Jessica (D:3)
  Ijyb (D:3)
  Terence (D:2)
  2 worker ants
  A hound skeleton (D:5)
  2 adders (D:2)
  2 river rats (D:3)
  A worm (D:3)
  2 dart slugs (D:1)
  3 leopard geckos
  3 orcs
  A ball python (D:4)
  3 giant cockroaches
  A goblin (D:1)
  4 hobgoblins
  4 kobolds
  A quokka (D:2)
  A ball python skeleton (D:4)
  A bat (D:1)
  2 frilled lizards
44 creatures vanquished.

Grand Total: 100 creatures vanquished

Notes
Turn   | Place    | Note
-------+----------+-------------------------------------------
     0 | D:1      | yoda5477 the Ogre Wizard began the quest for the Orb.
     0 | D:1      | Reached XP level 1. HP: 16/16 MP: 5/5
    37 | D:1      | Reached skill level 1 in Conjurations
   313 | D:1      | Reached skill level 4 in Spellcasting
   327 | D:1      | Reached XP level 2. HP: 24/24 MP: 2/7
   385 | D:1      | Learned a level 2 spell: Call Imp
   388 | D:1      | Learned a level 2 spell: Blink
   583 | D:1      | Reached skill level 1 in Translocations
  1086 | D:1      | Reached XP level 3. HP: 23/31 MP: 2/9
  1186 | D:1      | Reached skill level 1 in Summonings
  1491 | D:2      | Upgraded the game from 0.24-a0-408-gcc1054c7ca to
                  | 0.24-a0-415-g6d73c25c48
  1498 | D:2      | Learned a level 3 spell: Conjure Flame
  1502 | D:2      | Learned a level 3 spell: Mephitic Cloud
  1988 | D:2      | Reached skill level 5 in Spellcasting
  1988 | D:2      | Reached XP level 4. HP: 35/39 MP: 3/11
  2325 | D:2      | Found a bloodstained altar of Trog.
  2385 | D:2      | Noticed an angel
  2386 | D:2      | Found a shimmering altar of Xom.
  2386 | D:2      | Found a glowing silver altar of Zin.
  2950 | D:2      | Noticed Terence
  2975 | D:2      | Killed Terence
  3224 | D:2      | Found a blossoming altar of Fedhas.
  3486 | D:3      | Noticed Jessica
  3492 | D:3      | Killed Jessica
  3492 | D:3      | Reached XP level 5. HP: 46/46 MP: 5/12
  3645 | D:4      | Noticed an ogre
  3930 | D:3      | Noticed Ijyb
  3970 | D:3      | Killed Ijyb
  4231 | D:2      | Found a sparkling altar of Nemelex Xobeh.
  4378 | D:3      | Found a runed translucent door.
  4379 | D:3      | Noticed Crazy Yiuf
  4528 | D:3      | You fall into a shaft and drop 3 floors!
  4539 | D:5      | Entered Level 5 of the Dungeon
  4539 | D:5      | Noticed a sky beast
  4630 | D:3      | Killed a sky beast
  4881 | D:4      | Reached skill level 1 in Fighting
  4881 | D:4      | Reached XP level 6. HP: 40/55 MP: 10/14
  5044 | D:4      | Reached skill level 6 in Spellcasting
  5681 | D:4      | Found a staircase to the Ecumenical Temple.
  5687 | Temple   | Entered the Ecumenical Temple
  5698 | Temple   | Became a worshipper of Sif Muna the Loreminder
  5931 | D:5      | Found an iron altar of Okawaru.
  5981 | D:5      | Reached XP level 7. HP: 44/62 MP: 12/17
  6078 | D:5      | Noticed Edmund
  6096 | D:5      | Killed Edmund
  6267 | D:5      | Noticed Menkaure
  6585 | D:4      | Upgraded the game from 0.24-a0-415-g6d73c25c48 to
                  | 0.24-a0-416-g56ce5178b7
  7112 | D:5      | Reached skill level 7 in Spellcasting
  7208 | D:5      | Got an ancient plate armour
  7361 | D:5      | Noticed Pikel
  7452 | D:5      | Slain by Pikel

Levels and vault maps discovered:
D:1:      dpeg_arrival_ternary, layout_basic
D:2:      layout_rooms, grunt_temple_overflow_order_and_chaos_1, fedhas_altar_4,
          nicolae_overflow_hidden_temple, serial_glass, glass_columns_b,
          glass_columns_a, trog_hazing_becter, uniq_terence
D:3:      layout_rooms, gup_sewer_entry_bowl, uniq_jessica,
          uniq_crazy_yiuf_cottage, uniq_ijyb
D:4:      layout_cave_pools, minmay_temple_entry_fiery, first_ration,
          glass_columns_a
D:5:      layout_basic, lemuel_doored_altar, uniq_pikel, uniq_menkaure,
          uniq_edmund
D:6:      layout_cave_pools, trog_wizard
Temple:   lightli_temple_of_artemis

Skill      XL: |  1  2  3  4  5  6  7 |
---------------+----------------------+-----
Conjurations   | 1 |  1.6
Spellcasting   | 4 5 6 7 |  7.1
Translocations | 1 |  1.6
Summonings     | 1 2 3 |  3.6
Fighting       | 1 2 |  2.0
Polearms       | |  0.3
Dodging        | |  1.7
Stealth        | |  1.4
Air Magic      | |  0.7
Poison Magic   | |  0.1

Action                   |  1- 3 |  4- 6 |  7- 9 || total
-------------------------+-------+-------+-------++-------
Melee: Dagger            |    14 |       |       ||    14
       Spear             |       |    20 |    19 ||    39
 Cast: Magic Dart        |    84 |    64 |     5 ||   153
       Call Imp          |    15 |    79 |    30 ||   124
       Blink             |     2 |     6 |     1 ||     9
       Conjure Flame     |       |       |     6 ||     6
       Mephitic Cloud    |       |       |     3 ||     3
 Abil: Evoke Flight      |       |       |     1 ||     1
  Use: Scroll            |       |     6 |     2 ||     8
  Eat: Chunk             |     3 |    12 |     1 ||    16
       Ration            |       |       |     2 ||     2
Armor: Robe              |    35 |    36 |    31 ||   102
Dodge: Dodged            |    34 |    87 |    39 ||   160

Table legend:
 A = Non-vault XP
 B = Vault XP
 C = Vault XP percentage of total XP
 D = Non-vault monster count
 E = Vault monster count
 F = Vault count percentage of total count
                 A         B        C        D         E       F
            +---------+---------+-------+---------+---------+-------
      Total |     640 |     198 |  23.6 |      86 |      14 |  14.0
            +---------+---------+-------+---------+---------+-------
        D:1 |      47 |       2 |   4.1 |      28 |       2 |   6.7
        D:2 |      78 |      25 |  24.3 |      21 |       5 |  19.2
        D:3 |      94 |      54 |  36.5 |      13 |       6 |  31.6
        D:4 |     302 |       0 |   0.0 |      14 |       0 |   0.0
        D:5 |     119 |     117 |  49.6 |      10 |       1 |   9.1
            +---------+---------+-------+---------+---------+-------
